 Dungeon Crawl Stone Soup version 0.27.0-1-g7a089689b8 (webtiles) character file.

Game seed: 4693281518120059965

6989 lnt the Severer (level 10, -19/93 HPs)
             Began as a Minotaur Berserker on Aug 4, 2021.
             Was an Elder of Trog.
             Demolished by an orc warlord (57 damage)
             ... in a bailey.
             The game lasted 00:34:07 (10259 turns).

lnt the Severer (Minotaur Berserker)               Turns: 10259, Time: 00:34:08

Health: -19/93     AC: 11    Str: 21    XL:     10   Next: 81%
Magic:  9/9        EV: 11    Int:  4    God:    Trog [****..]
Gold:   298        SH:  0    Dex: 14    Spells: 9/9 levels left

rFire    + + .     SeeInvis .   J - +4 war axe (venom)
rCold    + . .     Faith    .   (no shield)
rNeg     + . .     Spirit   .   G - +3 ring mail {rF+}
rPois    +         Reflect  .   z - -2 hat of the Alchemist {rElec rPois rF+ rC+ rN+ Will+ rMut rCorr}
rElec    +         Harm     .   (no cloak)
rCorr    +         Rampage  .   y - +0 pair of gloves
rMut     +                      (no boots)
Will     +++..                  (no amulet)
Stlth    +.........             k - ring of poison resistance
HPRegen  1.25/turn              r - +4 ring of protection
MPRegen  0.11/turn

@: strong-willed, on berserk cooldown, regenerating, hasted and slowed
A: horns 2, retaliatory headbutt
a: Renounce Religion, Berserk, Trog's Hand, Brothers in Arms


You were in a bailey.
You worshipped Trog.
Trog was greatly pleased with you.
You visited 2 branches of the dungeon, and saw 10 of its levels.
You also visited: Bailey.

You collected 298 gold pieces.

Inventory:

Hand Weapons
 a - a +0 hand axe
 e - a +0 hunting sling
 D - a +0 war axe
 J - a +4 war axe of venom (weapon)
Missiles
 b - 160 stones (quivered)
 A - a curare-tipped dart
 B - 3 throwing nets
 E - 38 poisoned darts
Armour
 d - a +0 ring mail
 l - a +0 chain mail
 w - a +3 leather armour of poison resistance
 y - a +0 pair of gloves (worn)
 z - the -2 hat of the Alchemist (worn) {rElec rPois rF+ rC+ rN+ Will+ rMut rCorr}
   (You found it on level 4 of the Dungeon)

   rF:        It protects you from fire.
   rC:        It protects you from cold.
   rElec:     It insulates you from electricity.
   rPois:     It protects you from poison.
   rN:        It protects you from negative energy.
   rCorr:     It protects you from acid and corrosion.
   rMut:      It protects you from mutation.
   Will:      It increases your willpower.
 G - a +3 ring mail of fire resistance (worn)
 M - a +1 plate armour
Jewellery
 k - a ring of poison resistance (left hand)
 r - a +4 ring of protection (right hand)
 u - a ring of fire
 F - a ring of fire
Wands
 j - a wand of paralysis (8)
 H - a wand of iceblast (15)
 K - a wand of digging (5)
Scrolls
 c - 2 scrolls of enchant weapon
 g - a scroll of immolation
 h - 2 scrolls of identify
 i - a scroll of silence {unknown}
 m - 2 scrolls of brand weapon
 v - a scroll of teleportation
 x - a scroll of enchant armour
Potions
 f - 4 potions of flight
 n - a potion of heal wounds
 p - 2 potions of berserk rage
 q - a potion of invisibility
 s - 3 potions of curing
 t - 2 potions of attraction
 C - a potion of lignification {unknown}
 I - a potion of ambrosia {unknown}
 L - a potion of degeneration {unknown}


   Skills:
 + Level 10.1 Fighting
 * Level 16.6 Axes
 - Level 2.4 Armour
 - Level 2.1 Dodging


You had 9 spell levels left.
You didn't know any spells.
Your spell library was empty.

Dungeon Overview and Level Annotations

Branches:
Dungeon (9/15)             Temple (1/1) D:7          Bailey (1/1)
   Lair: D:8-11         Orc: D:9-12

Altars:
Ashenzari
Cheibriados
Dithmenos
Elyvilon
Fedhas
Hepliaklqana
Kikubaaqudgha
Makhleb
Nemelex Xobeh
Qazlal
Ru
Sif Muna
Trog
Uskayaw
Vehumet
Wu Jian
Xom
Yredelemnul
Zin
The Shining One

Shops:
D:4 (!

Portals:
Abyss: D:8


Innate Abilities, Weirdness & Mutations

You have a pair of horns on your head.
You reflexively headbutt those who attack you in melee.


Message History

You miss the orc knight.
The orc knight is moderately wounded.
You slash the goblin!
You kill the goblin!
Trog accepts your kill.
A goblin comes into view. It is wielding a +0 hand axe.
You slash the orc knight!
The orc knight looks as sick as possible!
You headbutt the orc knight, but do no damage.
The orc knight is moderately wounded.
The orc knight hits you with a +0 war axe!!
You slash the orc knight!
The orc knight looks as sick as possible!
You headbutt the orc knight, but do no damage.
The orc knight is heavily wounded.
You miss the orc knight. Your headbutt misses the orc knight.
The orc knight is heavily wounded.
The orc warlord hits you from afar with a +1 vampiric bardiche!
The orc knight hits you with a +0 war axe!
You slash the orc knight!
The orc knight looks as sick as possible!
The orc knight is severely wounded.
You miss the orc knight. Your headbutt misses the orc knight.
The orc knight is severely wounded.
The orc warlord hits you from afar with a +1 vampiric bardiche!!!
The orc knight hits you with a +0 war axe!!
* * * LOW HITPOINT WARNING * * *
You feel a strong urge to attack something.
There is an open door here.
You feel your anger nearly subside.
You are no longer berserk.
You are exhausted.
You feel yourself slow down.
You close the door.
You feel much better.
You feel yourself speed up.
An orc warlord opens the door.
The orc knight roars a battlecry!
The orc warrior goes into a battle-frenzy!
The orc warlord hits you from afar with a +1 vampiric bardiche!!!
Ouch! That really hurt!
You die...

#!!∩??# #?!...??#
##.......## #.........#
##.........# ######
.....⌠.....#####
##.....##.........##....
#......@oo.......)).....
##.......##.o)....##.....
#.........#..o....#......
##.........##88.88##......
#.....⌠.....###o###.....⌠.
#.........## oo###......
#.........# go.#......
##.......## o..##.....
#..))...# ...#....)


You could see an orc warlord (strong) and 3 orc knights.

Vanquished Creatures
  The ghost of snetch the Cleaver, a novice MiBe of Trog (D:7)
  The ghost of Eryximachus the Tainter, a novice OpWz of Gozag (D:8)
  2 orc knights (Bailey)
  A red devil (D:8)
  2 wyverns (D:8)
  2 steam dragons
  Duvessa (D:4)
  A black bear (D:5)
  9 orc warriors
  6 ice beasts
  8 ogres
  2 small abominations (D:8)
  2 centaurs
  A phantom (D:6)
  2 kobold brigands
  3 scorpions
  2 water moccasin zombies (D:6)
  Dowan (D:4)
  5 wights (D:6)
  A centaur zombie (D:5)
  2 hounds
  A centaur skeleton (D:7)
  3 orc priests
  An iron imp (D:8)
  A bullfrog skeleton (D:4)
  4 iguanas
  An orc wizard (D:7)
  Terence (D:2)
  A killer bee zombie (D:5)
  A centaur simulacrum (D:7)
  2 hound skeletons
  A howler monkey zombie (D:8)
  15 gnolls
  3 adders
  3 white imps (D:7)
  An ufetubus (D:6)
  26 orcs
  A bat (D:3)
  6 endoplasms
  2 giant cockroaches
  29 goblins
  13 hobgoblins
  3 ball pythons
  9 kobolds
  3 rats
186 creatures vanquished.

Notes
Turn   | Place    | Note
-------+----------+-------------------------------------------
     0 | D:1      | lnt the Minotaur Berserker began the quest for the Orb.
     0 | D:1      | Reached XP level 1. HP: 19/19 MP: 0/0
   204 | D:1      | Reached skill level 4 in Axes
   237 | D:1      | You fall into a shaft and drop 1 floor!
   736 | D:2      | Reached XP level 2. HP: 26/26 MP: 1/1
   806 | D:2      | Noticed Terence
   816 | D:2      | Killed Terence
   817 | D:2      | Reached skill level 5 in Axes
   817 | D:2      | Reached XP level 3. HP: 31/31 MP: 2/2
  1069 | D:3      | Found a shadowy altar of Dithmenos.
  1433 | D:3      | Found a shimmering altar of Xom.
  1819 | D:4      | Found Leirphodo's Distillery.
  1936 | D:4      | Reached skill level 6 in Axes
  1936 | D:4      | Reached XP level 4. HP: 31/39 MP: 3/3
  2224 | D:4      | Noticed Duvessa
  2224 | D:4      | Noticed Dowan
  2701 | D:4      | Reached skill level 7 in Axes
  2701 | D:4      | Reached XP level 5. HP: 21/45 MP: 4/4
  2926 | D:4      | Killed Duvessa
  2926 | D:4      | Reached ** piety under Trog
  2927 | D:4      | Reached skill level 8 in Axes
  2927 | D:4      | Reached XP level 6. HP: 51/51 MP: 5/5
  3062 | D:4      | Found the -2 hat of the Alchemist {rElec rPois rF+ rC+ rN+
                  | Will+ rMut rCorr}
  3064 | D:4      | Found Jotafan's Antique Weapon Shoppe.
  3259 | D:4      | You fall into a shaft and drop 3 floors!
  3260 | D:7      | Noticed an ice beast
  3300 | D:7      | Reached skill level 9 in Axes
  3337 | D:7      | Noticed an orc warrior
  3371 | D:7      | Killed an orc warrior
  3459 | D:7      | Reached XP level 7. HP: 57/57 MP: 6/6
  3470 | D:7      | Found a staircase to the Ecumenical Temple.
  3482 | D:7      | Reached skill level 10 in Axes
  3557 | Temple   | Entered the Ecumenical Temple
  3742 | D:6      | Found a white marble altar of Elyvilon.
  3752 | D:6      | Reached skill level 11 in Axes
  3781 | D:5      | Entered Level 5 of the Dungeon
  4262 | D:4      | Killed Dowan
  4263 | D:4      | Reached XP level 8. HP: 64/64 MP: 7/7
  4853 | D:5      | Reached skill level 12 in Axes
  5674 | D:6      | Reached skill level 5 in Fighting
  5884 | D:6      | Reached skill level 13 in Axes
  6146 | D:6      | Reached XP level 9. HP: 70/75 MP: 8/8
  6359 | D:6      | Found a sacrificial altar of Ru.
  6494 | D:6      | Found a basalt altar of Yredelemnul.
  6968 | D:7      | Noticed snetch's ghost (novice MiBe)
  6988 | D:7      | Found a runed translucent gate.
  6988 | D:7      | Found a runed translucent gate.
  6988 | D:7      | Found a runed translucent gate.
  7047 | D:7      | Found a sparkling altar of Nemelex Xobeh.
  7128 | D:7      | Found a glowing golden altar of the Shining One.
  7835 | D:7      | Reached skill level 14 in Axes
  7852 | D:7      | Killed snetch's ghost
  8253 | D:8      | Found an ancient bone altar of Kikubaaqudgha.
  8357 | D:8      | Found a transporter.
  8384 | D:8      | Noticed a red devil
  8394 | D:8      | Reached skill level 15 in Axes
  8503 | D:8      | Found an ornate altar of the Wu Jian Council.
  8541 | D:8      | Reached XP level 10. HP: 84/90 MP: 9/9
  8597 | D:8      | Reached *** piety under Trog
  8639 | D:8      | Found a hide-covered altar of Uskayaw.
  8656 | D:8      | Found a one-way gate to the infinite horrors of the Abyss.
  8656 | D:8      | Noticed Eryximachus's ghost (novice OpWz)
  8946 | D:8      | Found a transporter.
  9224 | D:8      | Killed Eryximachus's ghost
  9404 | D:9      | Found a flagged portal.
  9420 | Bailey   | Entered a bailey
  9552 | Bailey   | Noticed an orc knight
  9564 | Bailey   | Noticed an orc knight
  9572 | Bailey   | Killed an orc knight
  9573 | Bailey   | Reached skill level 16 in Axes
  9626 | Bailey   | Killed an orc knight
  9902 | Bailey   | Reached skill level 10 in Fighting
  9910 | Bailey   | Reached **** piety under Trog
 10235 | Bailey   | Noticed an orc knight
 10237 | Bailey   | Noticed an orc knight
 10239 | Bailey   | Noticed an orc warlord
 10243 | Bailey   | Noticed an orc knight
 10259 | Bailey   | Demolished by an orc warlord

Illustrated notes

Levels and vault maps discovered:
D:1:      minmay_arrival_split_and_join, layout_basic,
          shapermc_ecumenical_altar_rom_forum
D:2:      layout_basic, uniq_terence
D:3:      layout_basic, mainiacjoe_overflow_brackets,
          nicolae_dithmenos_the_darkroom
D:4:      layout_basic, serial_shops, nicolae_stop_n_shop_1,
          nicolae_stop_n_shop_1, solitary_fountain, uniq_duvessa
D:5:      layout_layer_cave, minmay_liquid_box
D:6:      layout_rooms, nicolae_overflow_crystal_walls,
          mainiacjoe_overflow_concentric_impassable,
          lemuel_zombie_altar_yredelemnul
D:7:      layout_basic, nemelex_diamond_rough_becter, tso_altar,
          temple_fountains, gammafunk_ghost_icy
D:8:      layout_gridville, kiku_gazebo_pond_becter, general_overflow_altar,
          mainiacjoe_overflow_alcove_4, gammafunk_ghost_abyssal_escape
D:9:      layout_big_octagon, nicolae_gozag_seed_capital, erik_lair_dragon,
          orc_0_dummy, enter_bailey_5, kennysheep_generic_room_7
Temple:   eino_wide_crystal_templ
Bailey:   bailey_axe_minmay_hex_keep, bailey

Skill      XL: |  1  2  3  4  5  6  7  8  9 10 |
---------------+-------------------------------+-----
Axes           | 4 5 6 7 8 9 11 13 15 16 | 16.6
Fighting       | 5 8 10 | 10.1
Armour         | |  2.4
Dodging        | |  2.1

Action                   |  1- 3 |  4- 6 |  7- 9 | 10-12 || total
-------------------------+-------+-------+-------+-------++-------
Melee: Hand axe          |    47 |    98 |    52 |       ||   197
       Headbutt          |     9 |    27 |    52 |    26 ||   114
       War axe           |       |       |   170 |   141 ||   311
Throw: Stone             |       |       |     3 |       ||     3
Invok: Berserk           |     1 |     3 |     7 |     4 ||    15
       Trog's Hand       |       |       |     4 |     2 ||     6
Evoke: Wand              |       |       |       |     2 ||     2
  Use: Scroll            |       |       |    15 |       ||    15
       Potion            |       |       |       |     5 ||     5
Armor: Animal skin       |     3 |       |       |       ||     3
       Chain mail        |     7 |    40 |    50 |       ||    97
       Ring mail         |     1 |       |    39 |    19 ||    59
Dodge: Dodged            |    24 |    30 |    89 |    35 ||   178
